 Dungeon Crawl Stone Soup version 0.31.0-11-ge490571c62 (webtiles) character file.

Game seed: 11418082438497337696

217 qw the Skirmisher (level 5, 0/29 HPs)
             Began as a Deep Elf Hunter on Feb 5, 2024.
             Slain by Pargi (7 damage)
             ... on level 3 of the Dungeon.
             The game lasted 00:01:52 (1719 turns).

qw the Skirmisher (Deep Elf Hunter)                 Turns: 1719, Time: 00:01:53

Health: 0/29       AC:  5    Str: 10    XL:     5   Next: 61%
Magic:  7/7        EV: 11    Int: 14    God:
Gold:   105        SH:  0    Dex: 18    Spells: 4/4 levels left

rFire   . . .        a - +1 shortbow
rCold   + . .        (shield currently unavailable)
rNeg    . . .        h - +0 ring mail
rPois   +            (no helmet)
rElec   .            (no cloak)
rCorr   .            (no gloves)
SInv    .            (no boots)
Will    .....        (no amulet)
Stlth   +            j - ring of protection from cold
HPRegen 0.24/turn    b - ring of poison resistance
MPRegen 0.10/turn

%: no passive effects
@: about to teleport
A: no striking features
a: no special abilities


You were on level 3 of the Dungeon.
You visited 1 branch of the dungeon, and saw 3 of its levels.

You collected 105 gold pieces.


   Skills:
 + Level 1.6 Fighting
 - Level 9.2 Ranged Weapons
 - Level 2.4 Dodging
 - Level 1.2 Stealth


You had 4 spell levels left.
You didn't know any spells.
Your spell library was empty.

Inventory:

Hand Weapons
 a - a +1 shortbow (weapon)
Armour
 h - a +0 ring mail (worn)
Jewellery
 b - a ring of poison resistance (right hand)
 j - a ring of protection from cold (left hand)
Scrolls
 c - a scroll of identify
 g - a scroll of poison {unknown}
Potions
 e - a potion of heal wounds
 f - a potion of lignification {unknown}
 i - 3 potions of enlightenment
 k - a potion of degeneration {unknown}
 l - 2 potions of attraction {unknown}

Dungeon Overview and Level Annotations

Branches:
Dungeon (3/15)

Altars:
Sif Muna

Annotations:
D:3 Pargi


Message History

Pargi shouts!
You shoot an arrow. The arrow hits Pargi!
Pargi is moderately wounded.
You shoot an arrow. The arrow closely misses Pargi.
You shoot an arrow. The arrow hits Pargi.
Pargi is moderately wounded.
You shoot an arrow. The arrow hits Pargi.
Pargi is moderately wounded.
You shoot an arrow. The arrow hits Pargi!
Pargi is heavily wounded.
You shoot an arrow. The arrow closely misses Pargi.
Pargi barely misses you. Pargi claws you. x2
You shoot an arrow. The arrow hits Pargi.
Pargi is severely wounded.
Pargi barely misses you. Pargi closely misses you. Pargi barely misses you.
You shoot an arrow. The arrow hits Pargi.
Pargi is severely wounded.
Pargi bites you but does no damage. Pargi completely misses you.
Pargi claws you. Pargi closely misses you.
Pargi claws you but does no damage. x2
You shoot an arrow. The arrow hits Pargi.
Pargi is severely wounded.
Pargi closely misses you. Pargi claws you but does no damage. x2
You shoot an arrow. The arrow closely misses Pargi.
Pargi closely misses you. Pargi claws you. Pargi barely misses you.
You shoot an arrow. The arrow completely misses Pargi.
Pargi bites you but does no damage. Pargi barely misses you. x2
You shoot an arrow. The arrow hits Pargi.
Pargi is severely wounded.
Pargi bites you but does no damage. Pargi barely misses you.
Pargi closely misses you.
You shoot an arrow. The arrow barely misses Pargi.
Pargi bites you. Pargi claws you but does no damage. Pargi claws you.
You shoot an arrow. The arrow hits Pargi!
Pargi is almost dead.
Pargi bites you. Pargi claws you. x2
1719 ||| READING scroll of teleportation.
As you read the scroll of teleportation, it crumbles to dust.
You feel strangely unstable. Pargi bites you!
You die...

...#####......#....#
.......%.#...##....#
##########..####...#
..######<...## #...##
#............####...#
#####....<...##.#...##
#........##.#....#
#####................#
................@..._#
######.........#T....#
.......###..####.....#
####..## #.## ...).##
# #.## #.##. #....# ##
#.# #.... #...##
.###.####.... #...#
..#........### ...##
.............#


You could see Pargi.

Vanquished Creatures
  An ice beast (D:3)
  Jessica (D:3)
  A gnoll (D:1)
  3 adders
  3 dart slugs
  3 bats
  9 endoplasms
  3 hobgoblins
  3 quokkas
  9 ball pythons
  3 frilled lizards
  8 goblins
  5 kobolds
  4 rats
56 creatures vanquished.

Notes
Turn   | Place    | Note
-------+----------+-------------------------------------------
     0 | D:1      | qw the Deep Elf Hunter began the quest for the Orb.
     0 | D:1      | Reached XP level 1. HP: 12/12 MP: 3/3
     0 | D:1      | 0 ||| qw: Version: 0.3-a-160-g6735b56
     0 | D:1      | 0 ||| qw: Game counter: 6309
     0 | D:1      | 0 ||| qw: Melee chars always use a shield: true
     0 | D:1      | 0 ||| qw: God list: Okawaru
     0 | D:1      | 0 ||| qw: Allow faded altars: false
     0 | D:1      | 0 ||| qw: Do Orc after clearing Dungeon:15 true
     0 | D:1      | 0 ||| qw: Do second Lair branch before Depths: true
     0 | D:1      | 0 ||| qw: Lair rune preference: random
     0 | D:1      | 0 ||| qw: Goals: Normal
     0 | D:1      | 0 ||| PLANNING D:1-11
    25 | D:1      | Reached skill level 6 in Ranged Weapons
    25 | D:1      | Reached XP level 2. HP: 16/16 MP: 4/4
   498 | D:1      | Reached XP level 3. HP: 20/20 MP: 5/5
   825 | D:1      | 825 ||| UPGRADING to +0 ring mail.
   835 | D:1      | 835 ||| DROPPING +0 leather armour.
   836 | D:1      | 836 ||| DROPPING ring of wizardry.
   837 | D:1      | 837 ||| UPGRADING to ring of protection from cold.
   838 | D:1      | 838 ||| READING 2 scrolls labelled REOGINWYOR.
   842 | D:1      | 842 ||| READING 3 scrolls labelled RIWEVE KOUN.
   842 | D:1      | 842 ||| IDENTIFYING bubbling black potion
   843 | D:1      | 843 ||| READING 2 scrolls of identify.
   843 | D:1      | 843 ||| IDENTIFYING purple potion
   844 | D:1      | 844 ||| READING scroll of identify.
   844 | D:1      | 844 ||| IDENTIFYING emerald potion
   845 | D:1      | 845 ||| DROPPING scroll of butterflies.
   846 | D:1      | 846 ||| DROPPING potion of invisibility.
   873 | D:2      | Reached skill level 7 in Ranged Weapons
   873 | D:2      | Found a shimmering blue altar of Sif Muna.
  1143 | D:2      | Reached XP level 4. HP: 25/25 MP: 6/6
  1280 | D:2      | 1280 ||| UPGRADING to ring of poison resistance.
  1281 | D:2      | 1281 ||| READING scroll of identify.
  1281 | D:2      | 1281 ||| IDENTIFYING scroll labelled YFATHA AZEU
  1282 | D:2      | 1282 ||| READING scroll of enchant weapon.
  1282 | D:2      | 1282 ||| ENCHANTING +0 shortbow.
  1380 | D:3      | Noticed Jessica
  1387 | D:3      | 1387 ||| FLEEEEING.
  1389 | D:3      | Killed Jessica
  1390 | D:3      | Reached skill level 8 in Ranged Weapons
  1513 | D:3      | Noticed an ice beast
  1526 | D:3      | Killed an ice beast
  1527 | D:3      | Reached skill level 9 in Ranged Weapons
  1527 | D:3      | Reached XP level 5. HP: 13/29 MP: 7/7
  1660 | D:3      | Found a faded altar of an unknown god.
  1704 | D:3      | Noticed Pargi
  1718 | D:3      | HP: 7/29 [Pargi (2)]
  1719 | D:3      | 1719 ||| READING scroll of teleportation.
  1719 | D:3      | Slain by Pargi

Levels and vault maps discovered:
D:1:      amcnicky_arrival_underground_garden, layout_basic
D:2:      layout_rooms, basic_altar
D:3:      layout_rooms, hellmonk_ecumenical_altar_zigzags, uniq_jessica,
          uniq_pargi

Skill      XL: |  1  2  3  4 |
---------------+-------------+-----
Ranged Weapons | 6 7 9 |  9.2
Fighting       | |  1.6
Dodging        | |  2.4
Stealth        | |  1.2

Action                     |  1- 3 |  4- 6 || total
---------------------------+-------+-------++-------
   Fire: Shortbow          |   116 |    64 ||   180
    Use: Scroll            |     4 |     3 ||     7
 Armour: Leather armour    |     9 |       ||     9
         Ring mail         |     6 |    29 ||    35
  Dodge: Dodged            |    14 |    22 ||    36

Table legend:
 A = Non-vault XP
 B = Vault XP
 C = Vault XP percentage of total XP
 D = Non-vault monster count
 E = Vault monster count
 F = Vault count percentage of total count
                 A         B        C        D         E       F
            +---------+---------+-------+---------+---------+-------
      Total |     273 |      37 |  11.9 |      55 |       1 |   1.8
            +---------+---------+-------+---------+---------+-------
        D:1 |      60 |       0 |   0.0 |      26 |       0 |   0.0
        D:2 |      41 |       0 |   0.0 |      16 |       0 |   0.0
        D:3 |     172 |      37 |  17.7 |      13 |       1 |   7.1
            +---------+---------+-------+---------+---------+-------
